AoeStats
← necrofilus

Arena

510817600Analyzed
1v1 RM · 6h ago on Oct 2, 2026· 58m 42s· 2 players
Game mode
Random Map
Map size
Tiny (2 player)
Population
200
Speed
Normal
Resources
Standard
Victory
Conquest
Starting age
Dark Age
Ending age
Imperial Age
RankedLock teamsTeams togetherTeam positionsShared explorationLock speedFull tech treeHidden civsTurbo modeCheats
Victory
Defeat
🇹🇷 Portuguese · Türkiye
981
+14
🇺🇸 Gurjaras · United States
941
-14
necrofilus
12:59 Feudal Age
14:11 Double-Bit Axe
16:53 Castle Age
16:13 Horse Collar
19:21 Town Watch
23:42 Bow Saw
29:24 Imperial Age
26:40 Loom
27:25 Ballistics
26:46 Treadmill Crane
27:49 Fletching
29:09 Gold Mining
29:12 Stone Mining
29:21 Bodkin Arrow
29:37 Forging
29:27 Scale Mail Armor
29:32 Padded Archer Armor
31:13 Chemistry
32:10 Wheelbarrow
31:11 Pikeman
31:37 Arson
33:25 Iron Casting
33:07 Leather Archer Armor
33:34 Fortified Wall
37:29 Elite Skirmisher
39:35 Two-Man Saw
39:29 Halberdier
40:28 Chain Mail Armor
41:11 Stone Shaft Mining
41:00 Heavy Plow
41:18 Hand Cart
41:38 Town Patrol
42:26 Siege Engineers
43:41 Blast Furnace
43:14 Ring Archer Armor
44:59 Masonry
44:45 Murder Holes
46:21 Bracer
46:52 Plate Mail Armor
47:28 Arquebus
47:49 Conscription
47:29 Circumnavigation
47:00 Sappers
48:36 Scale Barding Armor
58:17 Chain Barding Armor
59:34 Plate Barding Armor
SpacyBabushka
8:10 Loom
10:22 Feudal Age
14:13 Castle Age
12:16 Double-Bit Axe
16:24 Wheelbarrow
16:30 Horse Collar
22:02 Stone Mining
24:19 Hand Cart
23:56 Gold Mining
29:04 Imperial Age
26:49 Husbandry
27:45 Bloodlines
26:57 Light Cavalry
28:44 Scale Barding Armor
28:49 Forging
29:08 Bow Saw
29:56 Hussar
32:02 Chain Barding Armor
33:29 Plate Barding Armor
33:29 Iron Casting
34:22 Stone Shaft Mining
34:22 Gold Shaft Mining
34:28 Gold Shaft Mining
34:05 Kshatriyas
35:09 Hoardings
34:47 Heavy Plow
34:43 Town Watch
36:25 Conscription
38:02 Elite Chakram Thrower
39:10 Scale Mail Armor
41:17 Chain Mail Armor
45:28 Plate Mail Armor
48:38 Frontier Guards
49:34 Onager
52:21 Ballistics
52:13 Masonry
53:46 Chemistry
Connection lost

Rejoining the realm…

Still unreachable

The connection could not be restored.

Session expired

The server has moved on; the page needs a fresh start.